| TOP OF THE 1ST |
|
Knoxville Blue Jays batting - Pitching for Charlotte Hornets : RHP Julian Solorzano
|
|
Pitching: RHP Julian Solorzano
|
|
|
Batting: RHB LaRue Washington
|
0-0: Swinging Strike 0-1: Foul Ball, location: 2F 0-2: Ball 1-2: Strikes out swinging
|
|
Batting: LHB Paul O'Neill
|
0-0: Foul Ball, location: 2F 0-1: Ball 1-1: Swinging Strike 1-2: Ground out 6-3 (Groundball, 56, EV 85.6 MPH)
|
|
Batting: RHB Jason Adams
|
0-0: Ball 1-0: Called Strike 1-1: Ball 2-1: SINGLE (Line Drive, 7S, EV 88.8 MPH)
|
|
Batting: RHB Hector Cruz
|
0-0: Ball 1-0: Swinging Strike 1-1: Called Strike 1-2: Strikes out swinging
|
| Top of the 1st over - 0 runs, 1 hit, 0 errors, 1 left on base; Knoxville 0 - Charlotte 0 |
| BOTTOM OF THE 1ST |
|
Charlotte Hornets batting - Pitching for Knoxville Blue Jays : LHP John Marshall
|
|
Pitching: LHP John Marshall
|
|
|
Batting: RHB Richard Bass
|
0-0: Called Strike 0-1: SINGLE (Groundball, 6D, EV 107.5 MPH)
|
|
Batting: RHB Tom Romano
|
0-0: Called Strike 0-1: Foul Ball, location: 2F 0-2: Strikes out swinging
|
|
Batting: RHB Ron Johnson
|
0-0: Ball 1-0: Ball 2-0: Ball 3-0: Called Strike 3-1: Foul Ball, location: 2F 3-2: TRIPLE (Flyball, 9D, EV 84.4 MPH) Richard Bass scores
|
|
Batting: LHB Jesus Diaz
|
0-0: Called Strike 0-1: Foul Ball, location: 2F 0-2: Fly out, F9 (Line Drive, 9, EV 100.0 MPH) Runner from 3rd tags up, OUT at HOME! 9-2
|
| Bottom of the 1st over - 1 run, 2 hits, 0 errors, 0 left on base; Knoxville 0 - Charlotte 1 |
| TOP OF THE 2ND |
|
Knoxville Blue Jays batting - Pitching for Charlotte Hornets : RHP Julian Solorzano
|
|
Batting: LHB Joe Bivins
|
0-0: Fly out, F8 (Line Drive, 8RM, EV 92.5 MPH)
|
|
Batting: LHB Danny Goodwin
|
0-0: Ball 1-0: Ball 2-0: Swinging Strike 2-1: Called Strike 2-2: Foul Ball, location: 2F 2-2: Ball 3-2: Base on Balls
|
|
Batting: RHB Jerry Royster
|
0-0: Called Strike 0-1: Called Strike 0-2: Strikes out swinging
|
|
Batting: RHB Kenny Hanes
|
0-0: Called Strike 0-1: Foul Ball, location: 2F 0-2: Strikes out swinging
|
| Top of the 2nd over - 0 runs, 0 hits, 0 errors, 1 left on base; Knoxville 0 - Charlotte 1 |
| BOTTOM OF THE 2ND |
|
Charlotte Hornets batting - Pitching for Knoxville Blue Jays : LHP John Marshall
|
|
Batting: RHB Juan Bonilla
|
0-0: Foul Ball, location: 2F 0-1: Ground out 5-3 (Groundball, 56, EV 103.8 MPH)
|
|
Batting: RHB Barry Lyons
|
0-0: Ball 1-0: Foul Ball, location: 2F 1-1: Ball 2-1: Foul Ball, location: 2F 2-2: Fly out, F9 (Flyball, 9LM, EV 78.8 MPH)
|
|
Batting: RHB John O'Rear
|
0-0: Ball 1-0: Called Strike 1-1: SINGLE (Groundball, 4MD, EV 103.1 MPH)
|
|
Batting: RHB Mickey Klutts
|
0-0: Foul Ball, location: 2F 0-1: SINGLE (Flyball, 9LS, EV 90.6 MPH) John O'Rear to second Runner from 2nd tries for 3rd, SAFE, throw by RF made to third
|
|
Batting: LHB Steve Macko
|
0-0: Ball 1-0: Ball 2-0: Swinging Strike 2-1: Ground out 1-3 (Groundball, 13S, EV 65.6 MPH)
|
| Bottom of the 2nd over - 0 runs, 2 hits, 0 errors, 2 left on base; Knoxville 0 - Charlotte 1 |
| TOP OF THE 3RD |
|
Knoxville Blue Jays batting - Pitching for Charlotte Hornets : RHP Julian Solorzano
|
|
Batting: LHB Dan Briggs
|
0-0: Ball 1-0: Called Strike 1-1: Ball 2-1: Ball 3-1: Foul Ball, location: 2F 3-2: Strikes out swinging
|
|
Batting: RHB LaRue Washington
|
0-0: Ball 1-0: Called Strike 1-1: Swinging Strike 1-2: Ball 2-2: Ball 3-2: Strikes out looking
|
|
Batting: LHB Paul O'Neill
|
0-0: Fly out, F3 (Popup, 3F, EV 74.4 MPH)
|
| Top of the 3rd over - 0 runs, 0 hits, 0 errors, 0 left on base; Knoxville 0 - Charlotte 1 |
| BOTTOM OF THE 3RD |
|
Charlotte Hornets batting - Pitching for Knoxville Blue Jays : LHP John Marshall
|
|
Batting: RHB Richard Bass
|
0-0: Ball 1-0: SINGLE (Line Drive, 4MD, EV 102.5 MPH)
|
|
Batting: RHB Tom Romano
|
0-0: Ball 1-0: Foul Ball, location: 2F 1-1: Ball 2-1: Swinging Strike 2-2: Strikes out swinging
|
|
Batting: RHB Ron Johnson
|
0-0: Swinging Strike 0-1: Ball 1-1: DOUBLE (Line Drive, 9LM, EV 106.9 MPH) Richard Bass to third Runner from 3rd tries for Home, SAFE, throw by RF to trailing runner, SAFE at third!
|
|
Batting: LHB Jesus Diaz
|
0-0: Ball 1-0: Ball 2-0: Called Strike 2-1: Ball 3-1: Foul Ball, location: 2F 3-2: Foul Ball, location: 2F 3-2: Foul Ball, location: 2F 3-2: Strikes out looking
|
|
Batting: RHB Juan Bonilla
|
0-0: Ground out 5-3 (Groundball, 5L, EV 103.8 MPH)
|
| Bottom of the 3rd over - 1 run, 2 hits, 0 errors, 1 left on base; Knoxville 0 - Charlotte 2 |
| TOP OF THE 4TH |
|
Knoxville Blue Jays batting - Pitching for Charlotte Hornets : RHP Julian Solorzano
|
|
Batting: RHB Jason Adams
|
0-0: Called Strike 0-1: Foul Ball, location: 2F 0-2: Fly out, F8 (Flyball, 8LD, EV 96.9 MPH)
|
|
Batting: RHB Hector Cruz
|
0-0: Foul Ball, location: 2F 0-1: Foul Ball, location: 2F 0-2: Strikes out swinging
|
|
Batting: LHB Joe Bivins
|
0-0: Ball 1-0: Ball 2-0: Ball 3-0: Called Strike 3-1: Foul Ball, location: 2F 3-2: Foul Ball, location: 2F 3-2: Foul Ball, location: 2F 3-2: Base on Balls
|
|
Batting: LHB Danny Goodwin
|
0-0: Called Strike 0-1: Swinging Strike 0-2: Ball 1-2: Strikes out swinging
|
| Top of the 4th over - 0 runs, 0 hits, 0 errors, 1 left on base; Knoxville 0 - Charlotte 2 |
| BOTTOM OF THE 4TH |
|
Charlotte Hornets batting - Pitching for Knoxville Blue Jays : LHP John Marshall
|
|
Batting: RHB Barry Lyons
|
0-0: Ball 1-0: Ball 2-0: Foul Ball, location: 2F 2-1: Swinging Strike 2-2: Foul Ball, location: 2F 2-2: Foul Ball, location: 2F 2-2: SINGLE (Line Drive, 9S, EV 93.8 MPH)
|
|
Batting: RHB John O'Rear
|
0-0: Ball 1-0: Reached on error, E5 (Groundball, 56S, EV 66.9 MPH) Barry Lyons to second
|
|
Batting: RHB Mickey Klutts
|
0-0: Ball 1-0: Foul Ball, location: 2F 1-1: Called Strike 1-2: Foul Ball, location: 2F 1-2: Grounds into double play, 5-4-3 (Groundball, 56S, EV 86.9 MPH) Barry Lyons to third
|
|
Batting: LHB Steve Macko
|
0-0: Fly out, F8 (Flyball, 78XD, EV 98.8 MPH)
|
| Bottom of the 4th over - 0 runs, 1 hit, 1 error, 1 left on base; Knoxville 0 - Charlotte 2 |
| TOP OF THE 5TH |
|
Knoxville Blue Jays batting - Pitching for Charlotte Hornets : RHP Julian Solorzano
|
|
Batting: RHB Jerry Royster
|
0-0: Ball 1-0: Swinging Strike 1-1: Fly out, F7 (Flyball, 7D, EV 96.3 MPH)
|
|
Batting: RHB Kenny Hanes
|
0-0: Swinging Strike 0-1: Ball 1-1: Ball 2-1: Foul Ball, location: 2F 2-2: Foul Ball, location: 2F 2-2: Foul Ball, location: 2F 2-2: Foul Ball, location: 2F 2-2: Ground out 1-3 (Groundball, P, EV 73.8 MPH)
|
|
Batting: LHB Dan Briggs
|
0-0: Ball 1-0: Ball 2-0: Ground out 4-3 (Groundball, 4, EV 103.1 MPH)
|
| Top of the 5th over - 0 runs, 0 hits, 0 errors, 0 left on base; Knoxville 0 - Charlotte 2 |
| BOTTOM OF THE 5TH |
|
Charlotte Hornets batting - Pitching for Knoxville Blue Jays : LHP John Marshall
|
|
Batting: RHB Richard Bass
|
0-0: Ball 1-0: Ground out 5-3 (Groundball, 56S, EV 94.4 MPH)
|
|
Batting: RHB Tom Romano
|
0-0: Ball 1-0: Called Strike 1-1: Swinging Strike 1-2: DOUBLE (Flyball, 8RXD, EV 96.9 MPH)
|
|
Batting: RHB Ron Johnson
|
0-0: Ball 1-0: Foul Ball, location: 2F 1-1: Called Strike 1-2: Strikes out swinging
|
|
Batting: LHB Jesus Diaz
|
0-0: Called Strike 0-1: Ball 1-1: Ground out U3 (Groundball, 3L, EV 82.5 MPH)
|
| Bottom of the 5th over - 0 runs, 1 hit, 0 errors, 1 left on base; Knoxville 0 - Charlotte 2 |
| TOP OF THE 6TH |
|
Knoxville Blue Jays batting - Pitching for Charlotte Hornets : RHP Julian Solorzano
|
|
Pitching: RHP Roger Begue
|
|
|
Batting: RHB LaRue Washington
|
0-0: Ball 1-0: Foul Ball, location: 2F 1-1: Swinging Strike 1-2: Ball 2-2: SINGLE (Line Drive, 9S, EV 113.1 MPH)
|
|
Batting: LHB Paul O'Neill
|
0-0: Ball 1-0: Called Strike 1-1: Ball 2-1: Called Strike 2-2: Fly out, F7 (Flyball, 7D, EV 106.9 MPH)
|
|
Batting: RHB Jason Adams
|
0-0: Ball 1-0: Ball 2-0: SINGLE (Line Drive, 7, EV 93.1 MPH) LaRue Washington to second
|
|
Batting: RHB Hector Cruz
|
0-0: Swinging Strike 0-1: Fly out, F9 (Flyball, 9LS, EV 85.6 MPH)
|
|
Batting: LHB Joe Bivins
|
0-0: Foul Ball, location: 2F 0-1: Called Strike 0-2: Ball 1-2: Ground out 4-3 (Groundball, 34D, EV 108.1 MPH)
|
| Top of the 6th over - 0 runs, 2 hits, 0 errors, 2 left on base; Knoxville 0 - Charlotte 2 |
| BOTTOM OF THE 6TH |
|
Charlotte Hornets batting - Pitching for Knoxville Blue Jays : LHP John Marshall
|
|
Batting: RHB Juan Bonilla
|
0-0: Ball 1-0: Called Strike 1-1: Fly out, F9 (Line Drive, 9, EV 93.1 MPH)
|
|
Batting: RHB Barry Lyons
|
0-0: Ball 1-0: Called Strike 1-1: Called Strike 1-2: Ball 2-2: Ball 3-2: Foul Ball, location: 2F 3-2: Ground out 1-3 (Groundball, 13S, EV 68.8 MPH)
|
|
Batting: RHB John O'Rear
|
0-0: Ball 1-0: Ground out 1-3 (Groundball, 13, EV 71.9 MPH)
|
| Bottom of the 6th over - 0 runs, 0 hits, 0 errors, 0 left on base; Knoxville 0 - Charlotte 2 |
| TOP OF THE 7TH |
|
Knoxville Blue Jays batting - Pitching for Charlotte Hornets : RHP Roger Begue
|
|
Batting: LHB Danny Goodwin
|
0-0: Ball 1-0: DOUBLE (Line Drive, 89D, EV 112.5 MPH)
|
|
Pitching: RHP Jorge Solano
|
|
|
Batting: RHB Jerry Royster
|
0-0: Ball 1-0: Swinging Strike 1-1: Swinging Strike 1-2: SINGLE (Groundball, 56D, EV 101.9 MPH) (infield hit) Danny Goodwin to third
|
|
Pinch Hitting: LHB Dave Lindgren
|
0-0: Called Strike Jerry Royster steals 2nd base 0-1: Foul Ball, location: 2F 0-2: Foul Ball, location: 2F 0-2: Strikes out swinging
|
|
Batting: LHB Dan Briggs
|
0-0: Ball 1-0: Fly out, F7 (Flyball, 7S, EV 83.8 MPH)
|
|
Batting: RHB LaRue Washington
|
0-0: Ball 1-0: Ball 2-0: Foul Ball, location: 2F 2-1: Ball 3-1: Swinging Strike 3-2: Foul Ball, location: 2F 3-2: SINGLE (Line Drive, 78M, EV 107.5 MPH) Danny Goodwin scores Jerry Royster to third Jerry Royster scores
|
|
Batting: LHB Paul O'Neill
|
0-0: Ball LaRue Washington steals 2nd base 1-0: Called Strike 1-1: Swinging Strike 1-2: DOUBLE (Line Drive, 78D, EV 101.9 MPH) LaRue Washington scores
|
|
Batting: RHB Jason Adams
|
0-0: Ball 1-0: Swinging Strike 1-1: Called Strike 1-2: Ball 2-2: Strikes out swinging
|
| Top of the 7th over - 3 runs, 4 hits, 0 errors, 1 left on base; Knoxville 3 - Charlotte 2 |
| BOTTOM OF THE 7TH |
|
Charlotte Hornets batting - Pitching for Knoxville Blue Jays : LHP John Marshall
|
|
Now at SS: Pat Rockett
|
|
|
Batting: RHB Mickey Klutts
|
0-0: Ball 1-0: Swinging Strike 1-1: SOLO HOME RUN (Flyball, 7LD, EV 101.9 MPH), Distance : 368 ft
|
|
Batting: LHB Steve Macko
|
0-0: Ball 1-0: Called Strike 1-1: Ground out 4-3 (Groundball, 4, EV 86.9 MPH)
|
|
Batting: RHB Richard Bass
|
0-0: Swinging Strike 0-1: Ball 1-1: Foul Ball, location: 2F 1-2: Ball 2-2: Strikes out looking
|
|
Batting: RHB Tom Romano
|
0-0: SOLO HOME RUN (Flyball, 78XD, EV 94.4 MPH) (Inside the Park)
|
|
Batting: RHB Ron Johnson
|
0-0: Foul Ball, location: 2F 0-1: Swinging Strike 0-2: Ball 1-2: Strikes out looking
|
| Bottom of the 7th over - 2 runs, 2 hits, 0 errors, 0 left on base; Knoxville 3 - Charlotte 4 |
| TOP OF THE 8TH |
|
Knoxville Blue Jays batting - Pitching for Charlotte Hornets : RHP Jorge Solano
|
|
Batting: RHB Hector Cruz
|
0-0: Fly out, F7 (Line Drive, 7, EV 95.0 MPH)
|
|
Batting: LHB Joe Bivins
|
0-0: Called Strike 0-1: Foul Ball, location: 2F 0-2: Ground out 4-3 (Groundball, 4, EV 99.4 MPH)
|
|
Batting: LHB Danny Goodwin
|
0-0: Ball 1-0: Foul Ball, location: 2F 1-1: Swinging Strike 1-2: Ball 2-2: Strikes out swinging
|
| Top of the 8th over - 0 runs, 0 hits, 0 errors, 0 left on base; Knoxville 3 - Charlotte 4 |
| BOTTOM OF THE 8TH |
|
Charlotte Hornets batting - Pitching for Knoxville Blue Jays : LHP John Marshall
|
|
Batting: LHB Jesus Diaz
|
0-0: Ball 1-0: Called Strike 1-1: Ground out U3 (Groundball, 3L, EV 103.1 MPH)
|
|
Batting: RHB Juan Bonilla
|
0-0: Called Strike 0-1: Called Strike 0-2: Ball 1-2: SINGLE (Groundball, 6MD, EV 105.6 MPH)
|
|
Batting: RHB Barry Lyons
|
0-0: Ball 1-0: Foul Ball, location: 2F 1-1: Ball 2-1: Foul Ball, location: 2F 2-2: DOUBLE (Line Drive, 89XD, EV 109.4 MPH) Juan Bonilla to third Runner from 3rd tries for Home, SAFE, throw by CF to home
|
|
Pitching: RHP Rick Williams
|
|
|
Batting: RHB John O'Rear
|
0-0: Ball 1-0: Swinging Strike 1-1: Fly out, F5 (Flyball, 56D, EV 81.9 MPH)
|
|
Batting: RHB Mickey Klutts
|
0-0: Called Strike 0-1: Ball 1-1: Ground out 1-3 (Groundball, 34S, EV 70.0 MPH)
|
| Bottom of the 8th over - 1 run, 2 hits, 0 errors, 1 left on base; Knoxville 3 - Charlotte 5 |
| TOP OF THE 9TH |
|
Knoxville Blue Jays batting - Pitching for Charlotte Hornets : RHP Jorge Solano
|
|
Pitching: RHP Victor Bernal
|
|
|
Batting: RHB Jerry Royster
|
0-0: Ground out U3 (Groundball, 34, EV 87.5 MPH)
|
|
Batting: RHB Pat Rockett
|
0-0: Ball 1-0: Ball 2-0: Fly out, F8 (Flyball, 8RD, EV 90.6 MPH)
|
|
Batting: LHB Dan Briggs
|
0-0: SINGLE (Groundball, 4MD, EV 108.1 MPH)
|
|
Batting: RHB LaRue Washington
|
0-0: Ball 1-0: Ball 2-0: Ball 3-0: Called Strike 3-1: Base on Balls Dan Briggs to second
|
|
Batting: LHB Paul O'Neill
|
0-0: Fly out, F7 (Flyball, 78S, EV 70.6 MPH)
|
| Top of the 9th over - 0 runs, 1 hit, 0 errors, 2 left on base; Knoxville 3 - Charlotte 5 |
|